 Dungeon Crawl Stone Soup version 0.21-a0-426-g98080a9 (webtiles) character file.

62 drevant the Skirmisher (level 3, -1/29 HPs)
             Began as a Demonspawn Abyssal Knight on Nov 5, 2017.
             Was a Follower of Lugonu.
             Slain by a sky beast (2 damage)
             ... on level 2 of the Dungeon on Nov 6, 2017.
             The game lasted 00:03:37 (1727 turns).

drevant the Skirmisher (Demonspawn Abyssal Knight)  Turns: 1727, Time: 00:03:38

Health: -1/29      AC:  3    Str: 10 (13) XL:     3   Next: 85%
Magic:  4/4        EV: 11    Int: 11 (13) God:    Lugonu [*.....]
Gold:   80         SH:  0    Dex: 11 (12) Spells: 2/2 levels left

rFire    . . .     SeeInvis .   a - +1 spear
rCold    . . .     Gourm    .   (no shield)
rNeg     . . .     Faith    .   b - +0 leather armour
rPois    .         Spirit   .   (no helmet)
rElec    .         Reflect  .   (no cloak)
rCorr    .         Harm     .   (no gloves)
MR       .....                  (no boots)
Stlth    +.........             (no amulet)
HPRegen  0.09/turn              (no ring)
MPRegen  0.09/turn              (no ring)

@: no status effects
A: talons 2
a: Depart the Abyss, Renounce Religion


You were on level 2 of the Dungeon.
You worshipped Lugonu.
Lugonu was aware of your devotion.
You were not hungry.

You visited 1 branch of the dungeon, and saw 3 of its levels.
You visited the Abyss 1 time.

You collected 80 gold pieces.

Inventory:

Hand Weapons
 a - a +1 spear (weapon)
Missiles
 g - 8 steel javelins (quivered)
Armour
 b - a +0 leather armour (worn)
Jewellery
 e - an uncursed amulet of rage {unknown}
 p - an uncursed ring of ice
Scrolls
 h - 2 scrolls of identify {unknown}
 l - 2 scrolls of teleportation
 n - a scroll of fog {unknown}
 o - a scroll of recharging {unknown}
Potions
 d - a potion of degeneration
 j - a potion of flight {unknown}
 k - a potion of haste
 m - a potion of might {unknown}
Comestibles
 c - a bread ration
 f - a chunk of flesh
 i - a royal jelly


   Skills:
 + Level 3.5 Fighting
 * Level 3.0 Polearms
 + Level 2.3 Armour
 - Level 1.0 Dodging
 - Level 2.5 Invocations


You had 2 spell levels left.
You didn't know any spells.

Dungeon Overview and Level Annotations

Branches:
Dungeon (3/15)

Altars:
Qazlal
Sif Muna
Uskayaw
Vehumet
The Shining One
Beogh

Annotations:
D:2 1 runed door


Innate Abilities, Weirdness & Mutations

You have razor-sharp toenails.


Message History

A sky beast is nearby!
The sky beast misses you.
There is a stone staircase leading up here.
You miss the sky beast. You claw the sky beast.
The sky beast is lightly wounded.
You miss the sky beast.
The sky beast is lightly wounded.
The sky beast hits you. The sky beast shocks you.
You barely miss the sky beast. Your kick misses the sky beast.
The sky beast hits you. The sky beast shocks you.
The sky beast barely misses you.
You climb upwards.
Level annotation: 1 runed door
There is a stone staircase leading down here.
The sky beast hits you.
* * * LOW HITPOINT WARNING * * *
The sky beast shocks you.
* * * LOW HITPOINT WARNING * * *
The sky beast hits you.
You die...

#.#..#..........###.###
#.#..#..............#
####....#..........##### #
##P...........##....#
####......#.#######....#
))#)........# #....#
##)#)P..##..# #....#
#########..############
#.>...Y@.....#
##################.#
#.............# #.#
#........####.####.###########
#........## #.#..............#
#.........# #................#
####......# #.#..#..#..#..#..#
#.#....# #..#..#..#..#...##
#.#....# #...#..#..#..#..#


You could see a sky beast.

Vanquished Creatures
  2 adders (D:2)
  A worm (D:2)
  3 orcs (D:2)
  2 ball pythons (D:1)
  2 giant cockroaches
  2 goblins (D:1)
  5 hobgoblins
  2 kobolds
  7 bats
  6 frilled lizards
  6 rats
38 creatures vanquished.

Notes
Turn   | Place    | Note
-------+----------+-------------------------------------------
     0 | Abyss:1  | drevant the Demonspawn Abyssal Knight began the quest for the Orb.
     0 | Abyss:1  | Reached XP level 1. HP: 18/18 MP: 2/2
     3 | Abyss:1  | Found a corrupted altar of Lugonu.
    39 | Abyss:1  | Noticed a necromancer
    41 | D:1      | Escaped the Abyss
    87 | D:1      | Reached skill level 1 in Dodging
   167 | D:1      | Reached * piety under Lugonu
   204 | D:1      | Gained mutation: You have sharp toenails. [demonic ancestry]
   204 | D:1      | Reached XP level 2. HP: 23/24 MP: 3/3
   589 | D:1      | Found a roughly hewn altar of Beogh.
   589 | D:1      | Noticed an orc warrior
   987 | D:2      | Found a stormy altar of Qazlal.
  1045 | D:2      | Found a runed door.
  1082 | D:2      | Gained mutation: You have razor-sharp toenails. [demonic ancestry]
  1082 | D:2      | Reached XP level 3. HP: 24/29 MP: 4/4
  1228 | D:2      | Found a radiant altar of Vehumet.
  1230 | D:2      | Found a hide-covered altar of Uskayaw.
  1230 | D:2      | Found a glowing golden altar of the Shining One.
  1356 | D:2      | Found a deep blue altar of Sif Muna.
  1712 | D:3      | Noticed a sky beast
  1723 | D:2      | HP: 1/29 [sky beast (6)]
  1727 | D:2      | Slain by a sky beast

Vault maps used:
D:1:      erik_arrival_cave_to_civilisation, nrook_mini_backslash,
          roderic_cross_of_infinity
D:2:      gammafunk_temple_overflow_forgotten, lemuel_crystal_altar,
          lemuel_round_altar, minmay_misc_feat_diagonals, minmay_misc_feat_tiny,
          uniq_crazy_yiuf_cottage
D:3:      lemuel_doored_altar, grunt_temple_overflow_open, serial_bayou_crossing

Skill      XL: |  1  2  3 |
---------------+----------+-----
Dodging        | 1 |  1.0
Polearms       | 2 3 |  3.0
Armour         | 2 |  2.3
Fighting       | |  3.5
Invocations    | |  2.5

Action                   || total
-------------------------++-------
Melee: Spear             ||   122
       Kick              ||    11
Invok: Depart the Abyss  ||     1
  Use: Potion            ||     3
       Scroll            ||     1
 Stab: Sleeping          ||     1
  Eat: Chunk             ||     3
Armor: Leather armour    ||    17
Dodge: Dodged            ||    49

Table legend:
 A = Spawn XP
 B = Non-spawn XP
 C = Spawn XP percentage of total XP
 D = Spawn monster count
 E = Non-spawn monster count
 F = Spawn count percentage of total count
 G = Total turns spent on level
                    A         B        C        D         E        F      G
               +---------+---------+-------+---------+---------+-------+---------
         Total |       0 |      89 |   0.0 |       0 |      38 |   0.0 |  1727
               +---------+---------+-------+---------+---------+-------+---------
           D:1 |       0 |      31 |   0.0 |       0 |      21 |   0.0 |   823
           D:2 |       0 |      58 |   0.0 |       0 |      17 |   0.0 |   850
               +---------+---------+-------+---------+---------+-------+---------
